NCAA
TENNESSEE VOLUNTEERS @ SETON HALL PIRATES
05/24/2028
 
TOP OF THE 1ST
Tennessee Volunteers batting - Pitching for Seton Hall Pirates : RHP Chris Spence
Pitching: RHP Chris Spence
Batting: RHB Danny Scott 0-0: Ball
1-0: Ball
2-0: Swinging Strike
2-1: SINGLE (Line Drive, 78S)
Batting: RHB Ralph Fitzgerald 0-0: Called Strike
0-1: Ball
1-1: Ball
2-1: Ball
3-1: Foul Ball, location: 2F
3-2: Base on Balls
Danny Scott to second
Batting: RHB César García 0-0: Grounds into double play, 6-4-3 (Groundball, 56)
Danny Scott to third
Batting: LHB Alfredo Cantú 0-0: Ball
1-0: Ball
2-0: Ball
3-0: Base on Balls
Batting: RHB José Torres 0-0: Ball
1-0: Ball
2-0: Ball
3-0: Base on Balls
Alfredo Cantú to second
Batting: SHB Jared Calhoun 0-0: Called Strike
0-1: Ball
1-1: Ball
2-1: Called Strike
2-2: Ball
3-2: Base on Balls
Danny Scott scores
Alfredo Cantú to third
José Torres to second
Batting: RHB Gary Washington 0-0: Fly out, F9 (Flyball, 9)
Top of the 1st over - 1 run(s), 1 hit(s), 0 error(s), 3 left on base; Tennessee 1 - Seton Hall 0
BOTTOM OF THE 1ST
Seton Hall Pirates batting - Pitching for Tennessee Volunteers : RHP Steve Jasper
Pitching: RHP Steve Jasper
Batting: LHB Jerry Benjamin 0-0: Called Strike
0-1: Called Strike
0-2: Ball
1-2: Reached on error, E6 (Groundball, 6)
Batting: SHB David Bennett 0-0: Ball
1-0: Called Strike
Jerry Benjamin steals 2nd base
1-1: Fly out, F9 (Line Drive, 9LM)
Runner from 2nd tags up, OUT at 3rd
Batting: SHB Carlton Moreno 0-0: Foul Ball, location: 2F
0-1: Ball
1-1: SINGLE (Groundball, 56D)
Batting: RHB Charles Branigan 0-0: Ball
1-0: Fielders Choice at 2nd, 6-4 (Groundball, 6)
Bottom of the 1st over - 0 run(s), 1 hit(s), 1 error(s), 0 left on base; Tennessee 1 - Seton Hall 0
TOP OF THE 2ND
Tennessee Volunteers batting - Pitching for Seton Hall Pirates : RHP Chris Spence
Batting: RHB Chris Harper 0-0: Ball
1-0: Called Strike
1-1: Ball
2-1: SINGLE (Line Drive, 4MD)
Batting: RHB Lorne McClain 0-0: Fly out, F5 (Line Drive, 5S)
Batting: RHB Danny Scott 0-0: Called Strike
Chris Harper steals 2nd base
0-1: Swinging Strike
0-2: Ball
1-2: Strikes out swinging
Batting: RHB Ralph Fitzgerald 0-0: Foul Ball, location: 2F
0-1: Swinging Strike
0-2: SINGLE (Flyball, 89S)
Chris Harper to third
Runner from 3rd tries for Home, SAFE, no throw
Batting: RHB César García 0-0: Fielders Choice at 2nd, 5-4 (Groundball, 56)
Top of the 2nd over - 1 run(s), 2 hit(s), 0 error(s), 0 left on base; Tennessee 2 - Seton Hall 0
BOTTOM OF THE 2ND
Seton Hall Pirates batting - Pitching for Tennessee Volunteers : RHP Steve Jasper
Batting: LHB Travis Jefferson 0-0: Fly out, F8 (Flyball, 8RS)
Batting: LHB Joe Rutherford 0-0: Ball
1-0: Foul Ball, location: 2F
1-1: Ball
2-1: Foul Ball, location: 2F
2-2: Ball
3-2: Ground out U3 (Groundball, 34)
Batting: LHB Howard Hill 0-0: Called Strike
0-1: Fly out, F7 (Line Drive, 78M)
Bottom of the 2nd over - 0 run(s), 0 hit(s), 0 error(s), 0 left on base; Tennessee 2 - Seton Hall 0
TOP OF THE 3RD
Tennessee Volunteers batting - Pitching for Seton Hall Pirates : RHP Chris Spence
Batting: LHB Alfredo Cantú 0-0: Called Strike
0-1: Ground out 4-3 (Groundball, 34D)
Batting: RHB José Torres 0-0: Called Strike
0-1: Called Strike
0-2: Fly out, F8 (Flyball, 8RM)
Batting: SHB Jared Calhoun 0-0: SOLO HOME RUN (Line Drive, 9D), Distance : 359 ft
Batting: RHB Gary Washington 0-0: Called Strike
0-1: Ball
1-1: DOUBLE (Groundball, 5L)
Batting: RHB Chris Harper 0-0: SINGLE (Groundball, 6D)
Gary Washington to third
Batting: RHB Lorne McClain 0-0: Called Strike
0-1: Swinging Strike
0-2: Strikes out looking
Top of the 3rd over - 1 run(s), 3 hit(s), 0 error(s), 2 left on base; Tennessee 3 - Seton Hall 0
BOTTOM OF THE 3RD
Seton Hall Pirates batting - Pitching for Tennessee Volunteers : RHP Steve Jasper
Batting: LHB Michael Graham 0-0: Ball
1-0: Ball
2-0: Ball
3-0: Base on Balls
Batting: RHB Mark Morris 0-0: Foul Ball, location: 2F
0-1: Ball
1-1: Swinging Strike
1-2: Strikes out swinging
Batting: LHB Jerry Benjamin 0-0: Ball
1-0: Ball
2-0: Fly out, F8 (Flyball, 8RM)
Batting: SHB David Bennett 0-0: Ball
Michael Graham steals 2nd base
1-0: Foul Ball, location: 2F
1-1: Called Strike
1-2: Strikes out looking
Bottom of the 3rd over - 0 run(s), 0 hit(s), 0 error(s), 1 left on base; Tennessee 3 - Seton Hall 0
TOP OF THE 4TH
Tennessee Volunteers batting - Pitching for Seton Hall Pirates : RHP Chris Spence
Batting: RHB Danny Scott 0-0: Ball
1-0: Ball
2-0: Called Strike
2-1: Ball
3-1: Base on Balls
Batting: RHB Ralph Fitzgerald 0-0: Ball
1-0: Called Strike
1-1: Called Strike
1-2: Strikes out looking
Batting: RHB César García 0-0: Ball
1-0: Foul Ball, location: 2F
1-1: Called Strike
1-2: Ball
2-2: Foul Ball, location: 2F
2-2: Grounds into double play, 5-4-3 (Groundball, 56)
Top of the 4th over - 0 run(s), 0 hit(s), 0 error(s), 0 left on base; Tennessee 3 - Seton Hall 0
BOTTOM OF THE 4TH
Seton Hall Pirates batting - Pitching for Tennessee Volunteers : RHP Steve Jasper
Batting: SHB Carlton Moreno 0-0: Ball
1-0: Ball
2-0: Foul Ball, location: 2F
2-1: Ground out 6-3 (Groundball, 6)
Batting: RHB Charles Branigan 0-0: Ball
1-0: Fly out, F9 (Flyball, 9LM)
Batting: LHB Travis Jefferson 0-0: Called Strike
0-1: Foul Ball, location: 2F
0-2: Fly out, F3 (Popup, 34)
Bottom of the 4th over - 0 run(s), 0 hit(s), 0 error(s), 0 left on base; Tennessee 3 - Seton Hall 0
TOP OF THE 5TH
Tennessee Volunteers batting - Pitching for Seton Hall Pirates : RHP Chris Spence
Batting: LHB Alfredo Cantú 0-0: Called Strike
0-1: Foul Ball, location: 2F
0-2: Ball
1-2: Ball
2-2: Foul Ball, location: 2F
2-2: Foul Ball, location: 2F
2-2: Strikes out swinging
Batting: RHB José Torres 0-0: Called Strike
0-1: Foul Ball, location: 2F
0-2: Ball
1-2: Foul Ball, location: 2F
1-2: Foul Ball, location: 2F
1-2: Strikes out swinging
Batting: SHB Jared Calhoun 0-0: Fly out, F8 (Line Drive, 78D)
Top of the 5th over - 0 run(s), 0 hit(s), 0 error(s), 0 left on base; Tennessee 3 - Seton Hall 0
BOTTOM OF THE 5TH
Seton Hall Pirates batting - Pitching for Tennessee Volunteers : RHP Steve Jasper
Batting: LHB Joe Rutherford 0-0: Called Strike
0-1: Foul Ball, location: 2F
0-2: Strikes out swinging
Batting: LHB Howard Hill 0-0: Foul Ball, location: 2F
0-1: Swinging Strike
0-2: Foul Ball, location: 2F
0-2: Ball
1-2: Foul Ball, location: 2F
1-2: SINGLE (Groundball, 4MD)
Pitching: LHP John Roe
Batting: LHB Michael Graham 0-0: Ball
1-0: Ball
2-0: Called Strike
2-1: Foul Ball, location: 2F
2-2: Ball
3-2: Base on Balls
Howard Hill to second
Batting: RHB Mark Morris 0-0: Ball
1-0: Foul Ball, location: 2F
1-1: Foul Ball, location: 2F
1-2: Ball
2-2: Foul Ball, location: 2F
2-2: Ball
3-2: Foul Ball, location: 2F
3-2: 3-RUN HOME RUN (Flyball, 78XD), Distance : 391 ft
Pitching: RHP Carl Brady
Batting: LHB Jerry Benjamin 0-0: Ball
1-0: SINGLE (Groundball, 56D)
Batting: SHB David Bennett 0-0: Ball
1-0: Fly out, F4 (Popup, 4D)
Batting: SHB Carlton Moreno 0-0: Called Strike
0-1: Foul Ball, location: 2F
0-2: Foul Ball, location: 2F
0-2: Foul Ball, location: 2F
0-2: Ball
1-2: Ball
2-2: Foul Ball, location: 2F
2-2: Foul Ball, location: 2F
2-2: Foul Ball, location: 2F
2-2: Foul Ball, location: 2F
2-2: Ball
3-2: SINGLE (Groundball, 34D)
Jerry Benjamin to second
Jerry Benjamin to third
Batting: RHB Charles Branigan 0-0: Swinging Strike
0-1: Swinging Strike
0-2: Ball
1-2: Ball
2-2: Strikes out swinging
Bottom of the 5th over - 3 run(s), 4 hit(s), 0 error(s), 2 left on base; Tennessee 3 - Seton Hall 3
TOP OF THE 6TH
Tennessee Volunteers batting - Pitching for Seton Hall Pirates : RHP Chris Spence
Pitching: RHP John Wright
Batting: RHB Gary Washington 0-0: Fly out, F8 (Flyball, 8LS)
Batting: RHB Chris Harper 0-0: Foul Ball, location: 2F
0-1: Ball
1-1: Ground out 6-3 (Groundball, 6)
Batting: RHB Lorne McClain 0-0: Ball
1-0: Called Strike
1-1: Foul Ball, location: 2F
1-2: Strikes out swinging, 2-3 out at first.
Top of the 6th over - 0 run(s), 0 hit(s), 0 error(s), 0 left on base; Tennessee 3 - Seton Hall 3
BOTTOM OF THE 6TH
Seton Hall Pirates batting - Pitching for Tennessee Volunteers : RHP Carl Brady
Batting: LHB Travis Jefferson 0-0: Ball
1-0: Ground out 6-3 (Groundball, 6)
Batting: LHB Joe Rutherford 0-0: Reached on error, E3 (Popup, 3S)
Batting: LHB Howard Hill 0-0: Fly out, F5 (Popup, 56)
Batting: LHB Michael Graham 0-0: Ball
1-0: Ball
2-0: Ball
3-0: Called Strike
3-1: Base on Balls
Joe Rutherford to second
Batting: RHB Mark Morris 0-0: Called Strike
0-1: Ball
1-1: Swinging Strike
1-2: Strikes out swinging
Bottom of the 6th over - 0 run(s), 0 hit(s), 1 error(s), 2 left on base; Tennessee 3 - Seton Hall 3
TOP OF THE 7TH
Tennessee Volunteers batting - Pitching for Seton Hall Pirates : RHP John Wright
Batting: RHB Danny Scott 0-0: Called Strike
0-1: Ball
1-1: Ball
2-1: Ball
3-1: Swinging Strike
3-2: Base on Balls
Batting: RHB Ralph Fitzgerald 0-0: Ball
1-0: Ball
2-0: Bunt - Flyout! F1
Batting: RHB César García 0-0: Ball
1-0: Called Strike
1-1: Foul Ball, location: 2F
1-2: Foul Ball, location: 2F
1-2: Ball
2-2: Ball
3-2: Base on Balls
Danny Scott to second
Batting: LHB Alfredo Cantú 0-0: Ball
1-0: Ball
2-0: Ball
3-0: Base on Balls
Danny Scott to third
César García to second
Batting: RHB José Torres 0-0: Ball
1-0: Ball
2-0: Foul Ball, location: 2F
2-1: Swinging Strike
2-2: Strikes out looking
Batting: SHB Jared Calhoun 0-0: Called Strike
0-1: Ball
1-1: Foul Ball, location: 2F
1-2: Strikes out swinging
Top of the 7th over - 0 run(s), 0 hit(s), 0 error(s), 3 left on base; Tennessee 3 - Seton Hall 3
BOTTOM OF THE 7TH
Seton Hall Pirates batting - Pitching for Tennessee Volunteers : RHP Carl Brady
Batting: LHB Jerry Benjamin 0-0: Fly out, F7 (Flyball, 7LM)
Batting: SHB David Bennett 0-0: Called Strike
0-1: Ball
1-1: Swinging Strike
1-2: Ball
2-2: Ball
3-2: Foul Ball, location: 2F
3-2: Base on Balls
Batting: SHB Carlton Moreno 0-0: Ball
1-0: Ball
2-0: Grounds into double play, 6-4-3 (Groundball, 6M)
Bottom of the 7th over - 0 run(s), 0 hit(s), 0 error(s), 0 left on base; Tennessee 3 - Seton Hall 3
TOP OF THE 8TH
Tennessee Volunteers batting - Pitching for Seton Hall Pirates : RHP John Wright
Batting: RHB Gary Washington 0-0: Ball
1-0: Swinging Strike
1-1: Foul Ball, location: 2F
1-2: Strikes out swinging, 2-3 out at first.
Pinch Hitting: RHB Bruce Carr 0-0: Ball
1-0: Ball
2-0: Foul Ball, location: 2F
2-1: Foul Ball, location: 2F
2-2: Foul Ball, location: 2F
2-2: Ground out 3-1 (Groundball, 34S)
Batting: RHB Lorne McClain 0-0: Ball
1-0: Ball
2-0: Ball
3-0: Called Strike
3-1: Base on Balls
Pitching: RHP Leroy Jones
Batting: RHB Danny Scott 0-0: Called Strike
0-1: Foul Ball, location: 2F
0-2: Ball
1-2: Foul Ball, location: 2F
1-2: Ball
2-2: Strikes out swinging
Top of the 8th over - 0 run(s), 0 hit(s), 0 error(s), 1 left on base; Tennessee 3 - Seton Hall 3
BOTTOM OF THE 8TH
Seton Hall Pirates batting - Pitching for Tennessee Volunteers : RHP Carl Brady
Now in CF: Tom McTier
Batting: RHB Charles Branigan 0-0: SINGLE (Groundball, 56D)
Batting: LHB Travis Jefferson 0-0: Called Strike
0-1: Swinging Strike
0-2: TRIPLE (Flyball, 78D)
Charles Branigan scores
Batting: LHB Joe Rutherford 0-0: Foul Ball, location: 2F
0-1: Ground out U3 (Groundball, 3S)
Batting: LHB Howard Hill 0-0: Called Strike
0-1: SINGLE (Groundball, 34D)
Travis Jefferson scores
Pitching: RHP Daryl Sharp
Batting: LHB Michael Graham 0-0: Ball
1-0: Foul Ball, location: 2F
1-1: Fielders Choice at 2nd, 3-6 (Groundball, 3)
Batting: RHB Mark Morris 0-0: 2-RUN HOME RUN (Flyball, 78XD), Distance : 388 ft
Batting: LHB Jerry Benjamin 0-0: Foul Ball, location: 2F
0-1: Called Strike
0-2: Strikes out swinging
Bottom of the 8th over - 4 run(s), 4 hit(s), 0 error(s), 0 left on base; Tennessee 3 - Seton Hall 7
TOP OF THE 9TH
Tennessee Volunteers batting - Pitching for Seton Hall Pirates : RHP Leroy Jones
Batting: RHB Ralph Fitzgerald 0-0: Foul Ball, location: 2F
0-1: Ball
1-1: Foul Ball, location: 2F
1-2: Strikes out swinging
Batting: RHB César García 0-0: Called Strike
0-1: Called Strike
0-2: Ball
1-2: SINGLE (Groundball, 34D)
Batting: LHB Alfredo Cantú 0-0: Ball
1-0: Called Strike
1-1: SINGLE (Groundball, 6D)
César García to second
Pitching: RHP Nacho Mejía
Batting: RHB José Torres 0-0: Called Strike
0-1: Ball
1-1: Ball
2-1: Reached on error, E5 (Groundball, 56)
César García to third
Alfredo Cantú to second
Batting: SHB Jared Calhoun 0-0: Ball
Wild Pitch!
César García scores
Alfredo Cantú to third
José Torres to second
1-0: Ball
2-0: Called Strike
2-1: Ball
3-1: Base on Balls
Batting: RHB Gary Washington 0-0: Ball
1-0: Ball
2-0: Ball
3-0: Called Strike
3-1: Base on Balls
Alfredo Cantú scores
José Torres to third
Jared Calhoun to second
Batting: LHB Tom McTier 0-0: Ball
1-0: SINGLE (Groundball, 6D)
José Torres scores
Jared Calhoun to third
Gary Washington to second
Runner from 3rd tries for Home, SAFE, throw made at trailing runner, OUT at third!
Pitching: RHP Billy Parsons
Batting: RHB Lorne McClain 0-0: Foul Ball, location: 2F
0-1: Swinging Strike
0-2: Strikes out swinging
Top of the 9th over - 4 run(s), 3 hit(s), 1 error(s), 1 left on base; Tennessee 7 - Seton Hall 7
BOTTOM OF THE 9TH
Seton Hall Pirates batting - Pitching for Tennessee Volunteers : RHP Daryl Sharp
Pitching: LHP Tony Féliz
Pinch Hitting: RHB Tim Torres 0-0: Ball
1-0: Ball
2-0: Ball
3-0: Called Strike
3-1: Base on Balls
Batting: SHB Carlton Moreno 0-0: Called Strike
0-1: 2-RUN HOME RUN (Flyball, 78XD), Distance : 364 ft
Tuesday, August 8th, 2017 - OOTP Baseball 17.12 Build 75